 Dungeon Crawl Stone Soup version 0.25-a0-1133-g93ebf73 (webtiles) character file.

Game seed: 10466870766359563203, levelgen mode: deterministic

753 Ayyar the Cleaver (level 7, -22/62 HPs)
             Began as a Hill Orc Monk on May 21, 2020.
             Was a Believer of Beogh.
             Engulfed by Pikel's freezing vapour (23 damage)
             ... on level 6 of the Dungeon.
             The game lasted 00:22:20 (6561 turns).

Ayyar the Cleaver (Hill Orc Monk)                   Turns: 6561, Time: 00:22:20

Health: -22/62     AC:  8    Str: 16    XL:     7   Next: 78%
Magic:  7/7        EV: 25    Int: 10    God:    Beogh [**....]
Gold:   346        SH:  0    Dex: 13    Spells: 6/6 levels left

rFire    . . .     SeeInvis .   D - +0 war axe
rCold    . . .     Gourm    .   (no shield)
rNeg     . . .     Faith    .   p - +0 scale mail
rPois    .         Spirit   .   (no helmet)
rElec    .         Reflect  .   (no cloak)
rCorr    .         Harm     .   y - +0 pair of gloves
MR       .....                  (no boots)
Stlth    ..........             e - amulet of the acrobat
HPRegen  0.20/turn              (no ring)
MPRegen  0.10/turn              (no ring)

@: acrobat, flying
A: no striking features
a: Smiting, Renounce Religion


You were on level 6 of the Dungeon.
You worshipped Beogh.
Beogh was pleased with you.
You were hungry.

You visited 2 branches of the dungeon, and saw 7 of its levels.
You also visited: Sewer.

You collected 346 gold pieces.

Inventory:

Hand Weapons
 l - a cursed -1 whip
 D - a +0 war axe (weapon)
Missiles
 b - 3 silver boomerangs
 i - 4 poisoned darts (quivered)
Armour
 h - a +0 cloak
 p - a +0 scale mail (worn)
 v - a scarf of invisibility
 y - a +0 pair of gloves (worn)
 E - a +0 scale mail
Jewellery
 e - an amulet of the acrobat (around neck)
 x - an uncursed ring of stealth {unknown}
 B - an uncursed ring of protection from fire {unknown}
Wands
 s - a wand of enslavement (14)
Scrolls
 a - a scroll of teleportation {unknown}
 f - a scroll of identify
 j - 3 scrolls of blinking {unknown}
 r - 2 scrolls of noise {unknown}
 u - a scroll of fear
 w - 2 scrolls of fog
 A - a scroll of remove curse {unknown}
Potions
 g - a potion of invisibility {unknown}
 k - 2 potions of flight
 m - 3 potions of lignification
 n - 3 potions of stabbing {unknown}
 o - 4 potions of curing
 q - 2 potions of heal wounds {unknown}
 t - a potion of brilliance {unknown}
 z - a potion of berserk rage {unknown}
 C - a potion of mutation {unknown}
Comestibles
 c - 9 rations


   Skills:
 + Level 5.8 Fighting
 * Level 8.2 Axes
 + Level 1.8 Throwing
 + Level 3.9 Armour
 - Level 3.0 Dodging
 - Level 1.5 Stealth


You had 6 spell levels left.
You didn't know any spells.
Your spell library was empty.

Dungeon Overview and Level Annotations

Branches:
Dungeon (6/15)             Temple (1/1) D:5           Sewer (visited)

Altars:
Gozag
Hepliaklqana
Okawaru
Zin
The Shining One

Annotations:
D:6 Pikel


Message History

You climb downwards.
Level annotation: Pikel
There is a stone staircase leading up here.
Pikel zaps a wand.
Pikel creates a blast of freezing vapour!
You are engulfed in freezing vapours.
Pikel is engulfed in freezing vapours.
Pikel zaps a wand.
Pikel creates a blast of poison gas!
Really walk into that cloud of freezing vapour? [Y]es or [N]o only, please.
Really walk into that cloud of freezing vapour? [Y]es or [N]o only, please.
Really walk into that cloud of freezing vapour?
You are engulfed in freezing vapours.
Pikel is engulfed in freezing vapours.
You are engulfed in freezing vapours.
* * * LOW HITPOINT WARNING * * *
It was a potion of flight.
You feel very buoyant.
You fly up into the air.
You are engulfed in freezing vapours.
You die...

### ## #.##
####.##..#
.....§...#
#.§§§§.#
#..§§☼§## #
#.§§§K§.#..###
....#§§@§......#
. #§##.......#
..........###
...##......!..#
.....
=.###...... ###.
.... ......
#...... ......
#....... .....#


You could see Pikel.

Vanquished Creatures
  4 slaves (D:5)
  A phantom (D:5)
  A necrophage (D:5)
  A big kobold (Sewer)
  A howler monkey (D:2)
  A bullfrog zombie (D:5)
  A bullfrog skeleton (D:4)
  An orc wizard (D:3)
  4 worker ants
  4 gnolls (D:3)
  8 adders
  2 river rats (Sewer)
  4 oozes
  4 worms
  A dart slug (D:3)
  3 leopard geckos
  13 orcs
  9 bats
  8 giant cockroaches
  9 goblins
  9 hobgoblins
  11 jackals
  14 kobolds
  2 quokkas
  7 frilled lizards
  11 rats
134 creatures vanquished.

Notes
Turn   | Place    | Note
-------+----------+-------------------------------------------
     0 | D:1      | Ayyar the Hill Orc Monk began the quest for the Orb.
     0 | D:1      | Reached XP level 1. HP: 19/19 MP: 1/1
   128 | D:1      | Reached XP level 2. HP: 24/27 MP: 2/2
   447 | D:1      | Reached skill level 1 in Armour
   546 | D:1      | Reached XP level 3. HP: 17/33 MP: 3/3
  1117 | D:2      | Reached skill level 5 in Axes
  1224 | D:2      | Found an opulent altar of Gozag.
  1294 | D:2      | Reached XP level 4. HP: 40/40 MP: 4/4
  2038 | D:2      | Reached XP level 5. HP: 18/47 MP: 5/5
  2664 | D:3      | Reached skill level 6 in Axes
  2868 | D:3      | Found a glowing drain.
  2992 | Sewer    | Entered a sewer
  3004 | Sewer    | Reached XP level 6. HP: 13/55 MP: 6/6
  3346 | Sewer    | Reached skill level 5 in Fighting
  3592 | Sewer    | Found a white marble altar of Elyvilon.
  4151 | D:3      | Reached skill level 7 in Axes
  5071 | D:4      | Reached XP level 7. HP: 61/61 MP: 7/7
  5366 | D:5      | Entered Level 5 of the Dungeon
  5421 | D:5      | Reached skill level 1 in Throwing
  5557 | D:5      | Reached skill level 8 in Axes
  5692 | D:5      | Found a glowing silver altar of Zin.
  5739 | D:5      | Found an iron altar of Okawaru.
  5827 | D:5      | Became a worshipper of Beogh the Brigand
  5827 | D:5      | Reached * piety under Beogh
  5827 | D:5      | Reached ** piety under Beogh
  5833 | D:5      | Found a staircase to the Ecumenical Temple.
  5867 | Temple   | Entered the Ecumenical Temple
  6223 | D:5      | Found a glowing golden altar of the Shining One.
  6253 | D:6      | Noticed Pikel
  6560 | D:6      | HP: 1/62 [Pikel] (27)]
  6561 | D:6      | Engulfed by Pikel's freezing vapour

Illustrated notes

Levels and vault maps discovered:
D:1:      eino_arrival_cavern_b, layout_basic
D:2:      layout_loops_cross, nicolae_gozag_seed_capital, minivault_4
D:3:      layout_loops_corners, gup_sewer_entry_glass
D:4:      layout_basic, first_ration
D:5:      layout_loops_ring, zin_statuary, okawaru_trees_1,
          minmay_temple_entry_grid, nicolae_tso_swordbearing_angel
D:6:      layout_cave_pools, led_sif_pool, minmay_misc_feat_square,
          corexii_hall_statues_deadend, nicolae_qazlal_style_of_elements,
          uniq_menkaure, uniq_pikel
Temple:   dshaligram_water_room_temple

Skill      XL: |  1  2  3  4  5  6  7 |
---------------+----------------------+-----
Armour         | 1 2 3 |  3.9
Fighting       | 4 5 |  5.8
Axes           | 5 6 7 8 |  8.2
Dodging        | 3 |  3.0
Throwing       | 1 |  1.8
Stealth        | |  1.5

Action                   |  1- 3 |  4- 6 |  7- 9 || total
-------------------------+-------+-------+-------++-------
Melee: Hand axe          |   117 |   336 |       ||   453
       War axe           |       |    12 |   124 ||   136
Throw: Dart              |       |       |     1 ||     1
Invok: Convert to Beogh  |       |       |     1 ||     1
  Use: Potion            |       |     3 |     1 ||     4
       Scroll            |       |     3 |       ||     3
  Eat: Chunk             |     1 |    12 |     5 ||    18
Armor: Robe              |    13 |       |       ||    13
       Ring mail         |    16 |   103 |       ||   119
       Skin              |       |    10 |       ||    10
       Scale mail        |       |       |    52 ||    52
Dodge: Dodged            |   107 |   199 |    74 ||   380

Table legend:
 A = Non-vault XP
 B = Vault XP
 C = Vault XP percentage of total XP
 D = Non-vault monster count
 E = Vault monster count
 F = Vault count percentage of total count
                 A         B        C        D         E       F
            +---------+---------+-------+---------+---------+-------
      Total |     892 |     184 |  17.1 |     114 |      16 |  12.3
            +---------+---------+-------+---------+---------+-------
        D:1 |      59 |       0 |   0.0 |      28 |       0 |   0.0
        D:2 |     147 |       0 |   0.0 |      37 |       0 |   0.0
        D:3 |     137 |      46 |  25.1 |      21 |       5 |  19.2
        D:4 |     103 |       0 |   0.0 |       9 |       0 |   0.0
        D:5 |     433 |       0 |   0.0 |      18 |       0 |   0.0
        D:6 |      13 |       0 |   0.0 |       1 |       0 |   0.0
      Sewer |       0 |     138 | 100.0 |       0 |      11 | 100.0
            +---------+---------+-------+---------+---------+-------
